 Dungeon Crawl Stone Soup version 0.31-a0-853-gc9b61b78f7 (webtiles) character file.

Game seed: 9245572248800255393

13 JackS81 the Sneak (level 2, -4/22 HPs)
             Began as a Naga Enchanter on Oct 8, 2023.
             Slain by a quokka (5 damage)
             ... on level 1 of the Dungeon.
             The game lasted 00:01:25 (316 turns).

JackS81 the Sneak (Naga Enchanter)                   Turns: 316, Time: 00:01:26

Health: -4/22      AC:  1    Str: 10    XL:     2   Next: 37%
Magic:  5/5        EV:  9    Int: 15    God:
Gold:   52         SH:  0    Dex: 11    Spells: 3/5 levels left

rFire   . . .        a - +1 dagger
rCold   . . .        (no shield)
rNeg    . . .        b - +0 robe
rPois   +            (no helmet)
rElec   .            (no cloak)
rCorr   .            (no gloves)
SInv    +            (no barding)
Will    .....        (no amulet)
Stlth   ++           (no ring)
HPRegen 0.23/turn    (no ring)
MPRegen 0.09/turn

%: no passive effects
@: very slow
A: AC +0, large, see invisible, deformed body, poison resistance, slowness 2,
spit poison 1, naga tail 1
a: Spit Poison


You were on level 1 of the Dungeon.
You visited 1 branch of the dungeon, and saw 1 of its levels.

You collected 52 gold pieces.

Inventory:

Hand Weapons
 a - a +1 dagger (weapon)
Armour
 b - a +0 robe (worn)
Potions
 c - 2 potions of invisibility
 d - a potion of berserk rage {unknown}


   Skills:
 * Level 1.6 Short Blades
 - Level 1.5 Dodging
 - Level 4.4 Stealth
 - Level 2.0 Spellcasting
 + Level 3.4 Hexes


You had 3 spell levels left.
You knew the following spells:

 Your Spells              Type           Power      Damage    Failure   Level
a - Ensorcelled Hibernat  Hex/Ice        12%        N/A       17%         2

Your spell library contained the following spells:

 Spells                   Type           Power      Damage    Failure   Level
 Confusing Touch          Hex            11%        N/A       16%         3
 Tukima's Dance           Hex            11%        N/A       16%         3
 Dazzling Flash           Conj/Hex       12%        N/A       32%         3


Dungeon Overview and Level Annotations

Branches:
Dungeon (1/15)

Altars:


Innate Abilities, Weirdness & Mutations

Your serpentine skin is tough. (AC +0)
You have supernaturally acute eyesight. (SInv)
Armour fits poorly on your strangely shaped body.
Your system is resistant to poisons. (rPois)
You cover ground very slowly.
You can spit poison.
You have a snake-like lower body.


Message History

A quokka comes into view.
You hit the hobgoblin.
The hobgoblin is heavily wounded.
The hobgoblin barely misses you.
You hit the hobgoblin but do no damage.
The hobgoblin is heavily wounded.
The hobgoblin hits you.
You hit the hobgoblin.
The hobgoblin is severely wounded.
The hobgoblin hits you.
The hobgoblin attacks as it pursues you!
The hobgoblin hits you but does no damage.
The hobgoblin hits you.
The hobgoblin attacks as it pursues you!
The hobgoblin closely misses you. The hobgoblin barely misses you.
Found a short sword.
The quokka attacks as it pursues you! The quokka bites you.
Found 12 gold pieces.
The hobgoblin attacks as it pursues you!
The hobgoblin barely misses you. The quokka closely misses you.
The hobgoblin hits you.
A ball python comes into view.
Found a scroll labelled LEDATHR QUYREUK.
The quokka barely misses you.
A giant cockroach comes into view.
Found a ring mail.
The quokka bites you but does no damage.
The quokka bites you.
* * * LOW HITPOINT WARNING * * *
The ball python bites you.
* * * LOW HITPOINT WARNING * * *
The quokka twitches its whiskers.
The ball python bites you.
* * * LOW HITPOINT WARNING * * *
The quokka closely misses you. The quokka attacks as it pursues you!
The quokka bites you.
* * * LOW HITPOINT WARNING * * *
The ball python bites you but does no damage.
The quokka bites you.
You die...

#.#........# #........#
#.#........##......###........##
##>.........+....................
.###........##..?.[.# #..........
.#..........# ......###..........
.#.....###### .....##..).......
†#.....###### #...##..........
.#).........######g..##......####
........###.....@rSB..........†..
........# ########r..##....###.##
........# ######....# #...
.......)# #....# #### ........##
##..## .........## ##.#
..........# #.# ........##.# #.##
.)...#### #.# #.#


You could see a quokka, a giant cockroach, a hobgoblin, a ball python and a rat.

Vanquished Creatures
  A bat (D:1)
  3 endoplasms (D:1)
  A giant cockroach (D:1)
  A ball python (D:1)
  3 kobolds (D:1)
  3 rats (D:1)
12 creatures vanquished.

Notes
Turn   | Place    | Note
-------+----------+-------------------------------------------
     0 | D:1      | JackS81 the Naga Enchanter began the quest for the Orb.
     0 | D:1      | Reached XP level 1. HP: 15/15 MP: 3/3
   152 | D:1      | Reached XP level 2. HP: 22/22 MP: 5/5
   170 | D:1      | Learned a level 2 spell: Ensorcelled Hibernation
   315 | D:1      | HP: 1/22 [quokka (1)]
   316 | D:1      | Slain by a quokka

Illustrated notes

Levels and vault maps discovered:
D:1:      spicycebolla_arrival_xxxplode, layout_basic

Action                     || total
---------------------------++-------
  Melee: Dagger            ||    45
   Cast: Ensorcelled Hiber ||     1
   Stab: Sleeping          ||     2
 Armour: Robe              ||    33
  Dodge: Dodged            ||    28

Table legend: (Time is in decaauts)
 A = Elapsed time spent in this place.
 B = Non-inter-level travel time spent in this place.
 C = Inter-level travel time spent in this place.
 D = Time resting spent in this place.
 E = Time spent auto-exploring this place.
 F = Levels seen in this place.
 G = Mean time per level.
                   A        B        C        D        E       F      G
               +--------+--------+--------+--------+--------+-----+--------+
         Total |    378 |    378 |      0 |      0 |    223 |   1 |  378.0 |
       Dungeon |    378 |    378 |      0 |      0 |    223 |   1 |  378.0 |
               +--------+--------+--------+--------+--------+-----+--------+

Top non-repeatable levels by time:
     D:1: 378 daAuts
